 Dungeon Crawl Stone Soup version 0.31-a0-859-g9dce7d3444 (webtiles) character file.

Game seed: 8398202922932607118

93 jasper the Cutter (level 4, -7/40 HPs)
             Began as a Deep Elf Berserker on Oct 9, 2023.
             Was a Follower of Trog.
             Mangled by a gnoll
             ... wielding a +0 spear
              (9 damage)
             ... on level 2 of the Dungeon.
             The game lasted 00:01:59 (1738 turns).

jasper the Cutter (Deep Elf Berserker)              Turns: 1738, Time: 00:02:00

Health: -7/40      AC:  2    Str: 14    XL:     4   Next: 36%
Magic:  6/6        EV: 12    Int: 12    God:    Trog [*.....]
Gold:   52         SH:  0    Dex: 16    Spells: 3/3 levels left

rFire   . . .        a - +1 short sword
rCold   . . .        (no shield)
rNeg    . . .        b - +0 animal skin
rPois   .            (no helmet)
rElec   .            (no cloak)
rCorr   .            (no gloves)
SInv    .            (no boots)
Will    .....        (no amulet) Stlth
                     (no ring)
HPRegen 0.26/turn    (no ring)
MPRegen 0.10/turn

%: no passive effects
@: berserking (expiring), very quick
A: no striking features
a: Renounce Religion, Berserk


You were on level 2 of the Dungeon.
You worshipped Trog.
Trog was aware of your devotion.
You visited 1 branch of the dungeon, and saw 2 of its levels.

You collected 52 gold pieces.

Inventory:

Hand Weapons
 a - a +1 short sword (weapon)
Missiles
 e - 5 boomerangs
 i - 13 stones (quivered)
Armour
 b - a +0 animal skin (worn)
Scrolls
 c - a scroll of revelation {unknown}
 d - a scroll of amnesia {unknown}
 f - a scroll of fear
 j - a scroll of vulnerability {unknown}
Potions
 g - 2 potions of curing {unknown}
 h - 2 potions of enlightenment {unknown}


   Skills:
 - Level 2.4 Fighting
 + Level 5.2 Short Blades
 - Level 1.5 Armour
 - Level 2.4 Dodging


You had 3 spell levels left.
You didn't know any spells.
Your spell library was empty.

Dungeon Overview and Level Annotations

Branches:
Dungeon (2/15)

Altars:


Message History

You take 8 damage, and have 25/33 hp.
MASSIVE DAMAGE!!
You puncture the gnoll!
The gnoll is severely wounded.
The quokka twitches its whiskers.
You hit the gnoll.
You kill the gnoll!
Trog accepts your kill.
The gnoll hits you from afar with a +0 spear.
Your Short Blades skill increases to level 5!
You have reached level 4!
You feel clever.
You take 2 damage, and have 23/40 hp.
MP restored: 6 You puncture the gnoll!
The gnoll is almost dead.
You puncture the gnoll!
You kill the gnoll!
Trog accepts your kill. The gnoll barely misses you.
An endoplasm comes into view.
The gnoll hits you from afar with a +0 spear.
You take 2 damage, and have 21/40 hp.
Items here: )) ††.
You barely miss the gnoll. The gnoll hits you with a +0 spear.
The gnoll hits you with a +0 halberd!
* * * LOW HITPOINT WARNING * * *
You take 14 damage, and have 7/40 hp.
MASSIVE DAMAGE!!
You puncture the gnoll!
The gnoll is almost dead.
You hit the gnoll.
You kill the gnoll!
Trog accepts your kill. The gnoll hits you with a +0 spear.
* * * LOW HITPOINT WARNING * * *
You take 6 damage, and have 2/40 hp.
You closely miss the gnoll. You hit the gnoll.
The gnoll is moderately wounded.
The quokka closely misses you. The gnoll hits you with a +0 spear!
You die...

...# ##.## ...# #.# ...#
#.# #.## ##+# #.#
##...## # #.# ##.....##
#.# ..# ##.......##
#...#
..####.........###....##
.....+.........'@r......
..####.........##g.J....
..# #.......## .......
#.## ##.....## .##.##.
...# ##.).## .# # #.##
##†## .# #.# #.# .# #.#
#.# .# #.########.##


You could see a gnoll, an endoplasm and a quokka.

Vanquished Creatures
  3 gnolls (D:2)
  4 adders (D:2)
  An endoplasm (D:1)
  A giant cockroach (D:2)
  A goblin (D:1)
  4 jackals (D:1)
  4 kobolds
  2 quokkas (D:2)
  4 ball pythons
  4 bats
  2 frilled lizards
  4 rats (D:1)
34 creatures vanquished.

Notes
Turn   | Place    | Note
-------+----------+-------------------------------------------
     0 | D:1      | jasper the Deep Elf Berserker began the quest for the Orb.
     0 | D:1      | Reached XP level 1. HP: 13/13 MP: 3/3
   133 | D:1      | Reached XP level 2. HP: 13/18 MP: 4/4
  1062 | D:2      | Reached skill level 4 in Short Blades
  1148 | D:2      | Reached XP level 3. HP: 22/22 MP: 5/5
  1731 | D:2      | Reached skill level 5 in Short Blades
  1731 | D:2      | Reached XP level 4. HP: 23/27 MP: 6/6
  1736 | D:2      | HP: 2/40 [gnoll/+0 spear (6)]
  1738 | D:2      | Mangled by a gnoll

Illustrated notes

Levels and vault maps discovered:
D:1:      matt_arrival_diagonals, layout_basic, chequers_serial_rivers_large_b,
          minivault_14, st_stairs_13
D:2:      layout_loops_corners

Skill      XL: |  1  2  3 |
---------------+----------+-----
Short Blades   | 4 5 |  5.2
Fighting       | |  2.4
Armour         | |  1.5
Dodging        | |  2.4

Action                     |  1- 3 |  4- 6 || total
---------------------------+-------+-------++-------
  Melee: Short sword       |    88 |     7 ||    95
 Invoke: Berserk           |     5 |       ||     5
    Use: Scroll            |     4 |       ||     4
   Stab: Sleeping          |     4 |       ||     4
 Armour: Animal skin       |    32 |     5 ||    37
  Dodge: Dodged            |    50 |     2 ||    52

Table legend: (Time is in decaauts)
 A = Elapsed time spent in this place.
 B = Non-inter-level travel time spent in this place.
 C = Inter-level travel time spent in this place.
 D = Time resting spent in this place.
 E = Time spent auto-exploring this place.
 F = Levels seen in this place.
 G = Mean time per level.
                   A        B        C        D        E       F      G
               +--------+--------+--------+--------+--------+-----+--------+
         Total |   1774 |   1760 |     14 |    189 |   1325 |   2 |  887.0 |
       Dungeon |   1774 |   1760 |     14 |    189 |   1325 |   2 |  887.0 |
               +--------+--------+--------+--------+--------+-----+--------+

Top non-repeatable levels by time:
     D:1: 997 daAuts
     D:2: 777 daAuts
